 Dungeon Crawl Stone Soup version 0.21-a0-125-gb006224 (webtiles) character file.

94 kuniqs the Sneak (level 4, 18/18 HPs)
             Began as a Felid Fire Elementalist on July 16, 2017.
             Quit the game on level 3 of the Dungeon.
             The game lasted 00:06:54 (3795 turns).

kuniqs the Sneak (Felid Fire Elementalist)          Turns: 3795, Time: 00:06:55

Health: 18/18      AC:  1    Str:  4    XL:     4   Next: 38%
Magic:  7/9        EV: 18    Int: 17    God:
Gold:   98         SH:  0    Dex: 17    Spells: 3/9 levels left
                                        Lives:  0   Deaths: 1

rFire    . . .     SeeInvis +   (weapon unavailable)
rCold    . . .     Gourm    .   (shield unavailable)
rNeg     . . .     Faith    .   (armour unavailable)
rPois    .         Spirit   .   (helmet unavailable)
rElec    .         Reflect  .   (cloak unavailable)
rCorr    .         Harm     .   (gloves unavailable)
MR       .....                  (boots unavailable)
Stlth    +++.......             (no amulet)
HPRegen  0.06/turn              (no ring)
MPRegen  0.11/turn              (no ring)

@: quick
A: no armour, no weapons or thrown items, stealth, claws 1, fangs 3, see
invisible, carnivore 3, speed 1, shaggy fur 1, slow metabolism 1, sharp paws
a: no special abilities


You were on level 3 of the Dungeon.
You were full.

You visited 1 branch of the dungeon, and saw 3 of its levels.

You collected 98 gold pieces.

Inventory:

Scrolls
 d - a scroll of magic mapping {unknown}
 g - a scroll of teleportation {unknown}
 h - 2 scrolls of remove curse {unknown}
 i - a scroll of amnesia {unknown}
 j - 2 scrolls of identify {@r1}
 k - a scroll of fog {unknown}
 l - 2 scrolls of blinking {unknown}
 m - a scroll of immolation {unknown}
 n - a scroll of recharging {unknown}
Potions
 b - a potion of invisibility
 f - 2 potions of resistance {unknown}
 o - 2 potions of curing {unknown}
 q - a potion of degeneration {unknown}
 r - a potion of might {unknown}
Books
 a - a book of Flames

   Spells                             Type                      Level
   a - Flame Tongue                   Conjuration/Fire             1
   b - Throw Flame                    Conjuration/Fire             2
   c - Conjure Flame                  Conjuration/Fire             3
   d - Inner Flame                    Hexes/Fire                   3
   e - Sticky Flame                   Conjuration/Fire             4
   f - Fireball                       Conjuration/Fire             5
Comestibles
 c - a royal jelly
 e - 2 meat rations


   Skills:
 - Level 3.1 Dodging
 + Level 4.0 Stealth
 * Level 3.2 Spellcasting
 * Level 2.4 Conjurations
 * Level 3.5 Fire Magic


You had 3 spell levels left.
You knew the following spells:

 Your Spells              Type           Power        Failure   Level  Hunger
a - Flame Tongue          Conj/Fire      ##...        4%          1    None
b - Throw Flame           Conj/Fire      ##....       8%          2    ##.....
c - Conjure Flame         Conj/Fire      ##......     16%         3    ###....


Dungeon Overview and Level Annotations

Branches:
Dungeon (3/15)

Altars:


Innate Abilities, Weirdness & Mutations

You cannot wear armour.
You are incapable of wielding weapons or throwing items.
Your paws allow you to move quietly. (Stealth)
You have sharp claws.
You have razor-sharp teeth.
You have supernaturally acute eyesight. (SInv)
You are carnivorous and can eat meat at any time.
You cover ground quickly.
You are covered in fur. (AC +1)
You have a slow metabolism.
Your sharp claws are effective at attacking unaware monsters.


Message History

Beogh smites you!
Ouch! That really hurt!
Aim: an orc priest, wielding a club and wearing a ring mail The puff of flame hits the orc priest.
The orc priest appears unharmed.
The orc priest calls down the wrath of Beogh upon you.
Beogh smites you!
Ouch! That really hurt!
You die...
You are now level 4!
You rejoin the land of the living...
You start waiting.
Eating one of 3 chunks of flesh.
You eat one of the 3 chunks of flesh.
This raw flesh tastes great.
Eating one of 2 chunks of flesh.
You eat one of the 2 chunks of flesh.
This raw flesh tastes great.
Eating a chunk of flesh.
You eat the chunk of flesh.
This raw flesh tastes great.
A bat comes into view.
Aim: a bat The puff of flame hits the bat.
You kill the bat!

### #####.....
+.@.'.....
.....#####.....
.....# ... ##
.....#### . #.
#......# #. #.#
#......#######
#. #..
+.............
#. #.#
#.............
##
##.#####...##<#


There were no monsters in sight!

Vanquished Creatures
  An orc priest (D:3)
  An orc wizard (D:3)
  Robin (D:2)
  2 adders (D:3)
  An ooze (D:1)
  3 worms
  3 leopard geckos (D:3)
  15 orcs
  2 ball pythons (D:1)
  A giant cockroach (D:3)
  16 goblins
  3 hobgoblins
  4 jackals (D:2)
  A quokka (D:3)
  6 bats
  4 frilled lizards
  5 kobolds
  2 rats
71 creatures vanquished.

Notes
Turn   | Place    | Note
-------+----------+-------------------------------------------
     0 | D:1      | kuniqs the Felid Fire Elementalist began the quest for the Orb.
     0 | D:1      | Reached XP level 1. HP: 7/7 MP: 4/4
   213 | D:1      | Reached skill level 1 in Conjurations
   213 | D:1      | Reached XP level 2. HP: 10/11 MP: 0/6
   409 | D:1      | Learned a level 2 spell: Throw Flame
  1019 | D:2      | Noticed Robin
  1141 | D:1      | Reached XP level 3. HP: 14/14 MP: 0/7
  1254 | D:2      | Reached skill level 3 in Stealth
  1802 | D:2      | Killed Robin
  1972 | D:3      | Reached XP level 4. HP: 18/18 MP: 4/8
  2316 | D:2      | Learned a level 3 spell: Conjure Flame
  3370 | D:3      | Reached XP level 5. HP: 21/21 MP: 0/10
  3616 | D:3      | Reached skill level 4 in Stealth
  3775 | D:3      | Killed from afar by an orc priest
  3776 | D:3      | Reached XP level 4. HP: -1/18 MP: 8/9
  3795 | D:3      | Quit the game

Vault maps used:
D:1:      lemuel_arrival_rhombus
D:2:      uniq_robin
D:3:      gammafunk_temple_overflow_statue

Skill      XL: |  1  2  3  4  5 |
---------------+----------------+-----
Conjurations   | 1 2 |  2.4
Fire Magic     | 3 |  3.5
Stealth        | 3 4 |  4.0
Dodging        | 3 |  3.1
Spellcasting   | 3 |  3.2

Action                   |  1- 3 |  4- 6 || total
-------------------------+-------+-------++-------
Melee: Unarmed           |     8 |    25 ||    33
       Bite              |     1 |       ||     1
 Cast: Flame Tongue      |    62 |    43 ||   105
       Throw Flame       |    10 |    40 ||    50
  Use: Scroll            |     1 |       ||     1
  Eat: Chunk             |    10 |     7 ||    17
Armor: Skin              |     2 |     1 ||     3
Dodge: Dodged            |    12 |    35 ||    47
